 Dungeon Crawl Stone Soup version 0.22.1-1-ga44c0e5 (webtiles) character file.

63 schauveau the Shooter (level 3, 0/29 HPs)
             Began as a Centaur Hunter on Oct 11, 2018.
             Was an Initiate of Makhleb.
             Succumbed to an adder's poison
             ... on level 2 of the Dungeon.
             The game lasted 00:03:54 (2021 turns).

schauveau the Shooter (Centaur Hunter)              Turns: 2021, Time: 00:03:55

Health: 0/29       AC:  4    Str: 11 (14) XL:     3   Next: 89%
Magic:  3/3        EV:  9    Int:  9 (10) God:    Makhleb [......]
Gold:   120        SH:  0    Dex: 10 (12) Spells: 2/2 levels left

rFire    + . .     SeeInvis .   b - +0 short sword
rCold    + . .     Gourm    .   (no shield)
rNeg     . . .     Faith    .   c - +0 leather armour
rPois    +         Spirit   .   (no helmet)
rElec    +         Reflect  .   (no cloak)
rCorr    +         Harm     .   (no gloves)
MR       .....                  (no barding)
Stlth    ++........             (no amulet)
HPRegen  0.09/turn              (no ring)
MPRegen  0.08/turn              (no ring)

@: lethally poisoned (0 -> -2), resistant, berserk cooldown, flying, hasted
(expiring), very quick
A: large, hooves 3, thin skeletal structure 1, blink, deformed body, speed 2,
tough skin 3
a: Blink, Renounce Religion


You were on level 2 of the Dungeon.
You worshipped Makhleb.
Makhleb was noncommittal.
You were not hungry.

You visited 1 branch of the dungeon, and saw 3 of its levels.

You collected 120 gold pieces.

Inventory:

Hand Weapons
 a - a +1 shortbow
 b - a +0 short sword (weapon)
Missiles
 d - 20 arrows
Armour
 c - a +0 leather armour (worn)
Jewellery
 s - an uncursed ring of stealth {unknown}
Scrolls
 g - 4 scrolls of identify {unknown}
 j - a scroll of enchant armour {unknown}
 n - a scroll of remove curse {unknown}
 o - a scroll of teleportation {unknown}
 r - a scroll of fear {unknown}
Potions
 e - a potion of degeneration
 i - a potion of magic
 p - a potion of berserk rage
Comestibles
 f - 10 rations
 h - 2 chunks of flesh


   Skills:
 - Level 2.0 Fighting
 * Level 7.3 Bows
 - Level 1.3 Dodging
 - Level 0.4 Stealth


You had 2 spell levels left.
You didn't know any spells.
Your spell library was empty.

Dungeon Overview and Level Annotations

Branches:
Dungeon (3/15)

Altars:
Makhleb


Innate Abilities, Weirdness & Mutations

You have hooves in place of feet.
Armour fits poorly on your strangely shaped body.
You cover ground very quickly.
You have extremely tough skin. (AC +3)
You have a somewhat thin skeletal structure. (Dex +2, Stealth)
You can translocate small distances at will.


Message History

You feel sick.
* * * LOW HITPOINT WARNING * * *
You feel sick.
* * * LOW HITPOINT WARNING * * *
You feel sick.
* * * LOW HITPOINT WARNING * * *
You feel sick.
* * * LOW HITPOINT WARNING * * *
You feel sick.
* * * LOW HITPOINT WARNING * * *
You feel sick.
* * * LOW HITPOINT WARNING * * *
You feel sick.
* * * LOW HITPOINT WARNING * * *
You feel sick.
* * * LOW HITPOINT WARNING * * *
You feel sick.
Your extra speed is starting to run out.
You feel yourself speed up.
You die...

..#.#3#...................#
.##(###...................#
......##.#.....#+#.########
......##.........#.#
#.....############'###
#.#..................#
#.#....#########.....#########
................>....'.......#
#......#........@....#######.###
##+##..........#.....# #...#
....#...##.#####.....#######.#.#
....#..........................#
....######.#####..###....###...#
.................#...#..#...#..#
.##.######.#####.#.⌠.#..#.⌠.#..#
.................#...#≈≈#...#..#
..##.##..........≈###≈≈≈≈###≈..#


There were no monsters in sight!

Vanquished Creatures
  3 adders (D:2)
  A worm (D:2)
  2 leopard geckos (D:1)
  3 bats
  2 giant cockroaches
  5 goblins
  4 hobgoblins
  2 ball pythons (D:2)
  A frilled lizard (D:2)
  5 kobolds
  3 rats
31 creatures vanquished.

Notes
Turn   | Place    | Note
-------+----------+-------------------------------------------
     0 | D:1      | schauveau the Centaur Hunter began the quest for the Orb.
     0 | D:1      | Reached XP level 1. HP: 17/17 MP: 1/1
     4 | D:1      | Noticed an elephant
     9 | D:1      | Noticed an elephant
   168 | D:1      | Reached XP level 2. HP: 7/24 MP: 2/2
   174 | D:1      | Reached skill level 6 in Bows
  1066 | D:2      | Reached XP level 3. HP: 27/29 MP: 3/3
  1334 | D:2      | Reached skill level 7 in Bows
  1861 | D:2      | Found a burning altar of Makhleb.
  1861 | D:2      | Noticed a green death
  1864 | D:2      | Noticed a ynoxinul
  1864 | D:2      | Noticed a smoke demon
  1927 | D:2      | Became a worshipper of Makhleb the Destroyer
  1951 | D:3      | Found a faded altar of an unknown god.
  1986 | D:2      | Gained mutation: You have a somewhat thin skeletal
                  | structure. (Dex +2, Stealth) [potion of mutation]
  1986 | D:2      | Gained mutation: You can translocate small distances at
                  | will. [potion of mutation]
  2017 | D:2      | HP: 1/29 [poisoned by an adder]
  2021 | D:2      | Succumbed to an adder's poison

Skill      XL: |  1  2  3 |
---------------+----------+-----
Bows           | 6 7 |  7.3
Fighting       | |  2.0
Dodging        | |  1.3
Stealth        | |  0.4

Action                   || total
-------------------------++-------
Melee: Short sword       ||   105
       Kick              ||    26
 Fire: Shortbow          ||     2
  Use: Potion            ||    10
  Eat: Ration            ||     1
       Chunk             ||     1
Armor: Leather armour    ||    33
Dodge: Dodged            ||    54
